 Dungeon Crawl Stone Soup version 0.20.0-10-g0535bb4 (webtiles) character file.

105 Naow the Slasher (level 4, -1/40 HPs)
             Began as a Draconian Berserker on June 7, 2017.
             Was a Believer of Trog.
             Slain by an orc wizard
             ... wielding a +0 dagger
              (7 damage)
             ... on level 4 of the Dungeon.
             The game lasted 00:02:01 (2587 turns).

Naow the Slasher (Draconian Berserker)              Turns: 2587, Time: 00:02:02

Health: -1/40      AC:  5    Str: 20    XL:     4   Next: 53%
Magic:  4/4        EV: 13    Int:  7    God:    Trog [**....]
Gold:   96         SH:  0    Dex: 11    Spells: 3/3 levels left

rFire    . . .     SeeInvis .   a - +0 falchion
rCold    . . .     Gourm    .   (no shield)
rNeg     . . .     Faith    .   (armour unavailable)
rPois    .         Spirit   .   (helmet restricted)
rElec    .         Reflect  .   (no cloak)
rCorr    .         Harm     .   (no gloves)
MR       .....                  (no boots)
Stlth    +.........             (no amulet)
Regen    0.2/turn               (no ring)
MPRegen  0.1/turn               (no ring)

@: slowed, very slow
A: unfitting armour, cold-blooded, AC +5
a: Berserk, Trog's Hand, Burn Spellbooks, Renounce Religion


You were on level 4 of the Dungeon.
You worshipped Trog.
Trog was pleased with you.
You were very hungry.

You visited 1 branch of the dungeon, and saw 4 of its levels.

You collected 96 gold pieces.

Inventory:

Hand Weapons
 a - a +0 falchion (weapon)
Scrolls
 c - 3 scrolls of recharging {unknown}
 d - 2 scrolls of blinking {unknown}
 e - 2 scrolls of enchant weapon {unknown}
 g - a scroll of fog {unknown}
 i - a scroll of teleportation {unknown}
 j - a scroll of identify {unknown}
 k - 2 scrolls of enchant armour {unknown}
 n - a scroll of noise {unknown}
 o - a scroll of remove curse {unknown}
 q - a scroll of random uselessness {unknown}
Potions
 f - 3 potions of curing {unknown}
 m - a potion of mutation {unknown}
 p - a potion of degeneration {unknown}
 r - a potion of agility {unknown}
 s - a potion of resistance {unknown}
Comestibles
 b - a bread ration
 h - 2 meat rations
 l - 7 fruits
 t - a royal jelly


   Skills:
 + Level 4.1 Fighting
 * Level 4.3 Long Blades
 + Level 3.2 Dodging


You had 3 spell levels left.
You didn't know any spells.

Dungeon Overview and Level Annotations

Branches:
Dungeon (4/15)
 Temple: D:4-7

Altars:
Ashenzari
Trog


Innate Abilities, Weirdness & Mutations

Your plain brown scales are hard. (AC +5)
You cannot fit into any form of body armour.
You are cold-blooded and may be slowed by cold attacks.


Message History

The orc closely misses you.
The orc wizard hits you but does no damage.
The orc barely misses you. The orc hits you with a flail!
You closely miss the orc wizard.
The orc wizard is severely wounded.
The orc wizard casts a spell.
The orc wizard blinks!
The orc barely misses you. The orc hits you with a flail!
The orc wizard misses you.
You riposte.
You hit the orc wizard.
The orc wizard is almost dead.
The orc hits you from afar with a trident.
* * * LOW HITPOINT WARNING * * *
You hit the orc wizard but do no damage.
The orc wizard is almost dead.
The orc hits you but does no damage.
The orc wizard points at you and mumbles some strange words.
The magic dart hits you!
* * * LOW HITPOINT WARNING * * *
The orc barely misses you. The orc wizard hits you with a dagger!
You die...

#.# #.# #.# #.# #.# a...#
#.# #.a.# ######.#######.
#..%# #o@............ .o..
#o###..#..##### #.o# #o#
#.##### #o.# #o# #..#
#######..# #.# ##<#
.......o.# ###o# ###
..?####.####...#
.........o.....#
...###.#####...#############


You could see 2 orc wizards and 3 orcs.

Vanquished Creatures
  An orc priest (D:3)
  2 adders
  A worm (D:3)
  3 orcs (D:3)
  2 bats (D:1)
  6 giant cockroaches
  6 hobgoblins
  3 jackals (D:2)
  2 quokkas
  2 ball pythons (D:1)
  5 frilled lizards
  6 goblins
  4 kobolds
  6 rats
49 creatures vanquished.

Notes
Turn   | Place    | Note
-------+----------+-------------------------------------------
     0 | D:1      | Naow the Draconian Berserker began the quest for the Orb.
     0 | D:1      | Reached XP level 1. HP: 19/19 MP: 1/1
   218 | D:1      | Reached XP level 2. HP: 26/26 MP: 2/2
   902 | D:2      | Reached ** piety under Trog
   946 | D:2      | Reached XP level 3. HP: 33/33 MP: 3/3
  1057 | D:2      | Found a shattered altar of Ashenzari.
  1324 | D:2      | Found a bloodstained altar of Trog.
  1683 | D:3      | Reached XP level 4. HP: 40/40 MP: 4/4
  2587 | D:4      | Slain by an orc wizard

Skill      XL: |  1  2  3 |
---------------+----------+-----
Dodging        | 3 |  3.2
Fighting       | 4 |  4.1
Long Blades    | 4 |  4.3

Action                   |  1- 3 |  4- 6 || total
-------------------------+-------+-------++-------
Melee: Falchion          |    91 |    40 ||   131
       Tailslap          |    13 |     6 ||    19
  Eat: Chunk             |     2 |     2 ||     4
Armor: Skin              |    20 |     7 ||    27
Dodge: Dodged            |    62 |    34 ||    96
       Rpst.: Falchion   |    22 |    13 ||    35
